 Dungeon Crawl Stone Soup version 0.23.2-1-ga50397a (webtiles) character file.

Game seed: 7474639458859791030

65450 eccles the Geomancer (level 15, -9/93 HPs)
             Began as a Gargoyle Earth Elementalist on May 28, 2019.
             Was a High Priest of Vehumet.
             Mangled by an orc knight
             ... wielding a +3 war axe
              (32 damage)
             ... on level 1 of the Orcish Mines on May 31, 2019.
             The game lasted 03:19:17 (24682 turns).

eccles the Geomancer (Gargoyle Earth Elementalist) Turns: 24682, Time: 03:19:18

Health: -9/93      AC: 32    Str: 16      XL:     15   Next: 16%
Magic:  0/31       EV: 14    Int: 18 (20) God:    Vehumet [*****.]
Gold:   1670       SH:  5    Dex: 10      Spells: 12/39 levels left

rFire    + + .     SeeInvis .   a - +7 dagger (venom)
rCold    + . .     Gourm    .   n - +2 buckler
rNeg     + + .     Faith    .   Q - +4 troll leather armour
rPois    ∞         Spirit   .   K - +1 hat "Zigiyv" {MR+ rCorr}
rElec    +         Reflect  .   z - scarf {rC+ rF+}
rCorr    +         Harm     .   E - +3 pair of gloves "Xeas" {rN+}
MR       ++...                  c - +2 pair of boots
Stlth    +++.......             (no amulet)
HPRegen  0.65/turn              r - ring of protection from fire
MPRegen  0.22/turn              I - +4 ring of protection

@: flying, studying Stealth
A: big wings, talons 1, negative energy resistance 1, electricity resistance,
strong 1, wild magic 1, unbreathing, petrification resistance, rot immunity, AC
+11
a: Stop Flying, Renounce Religion


You were on level 1 of the Orcish Mines.
You worshipped Vehumet.
Vehumet was extremely pleased with you.
You were very hungry.

You visited 4 branches of the dungeon, and saw 20 of its levels.
You also visited: Ice Cave.

You collected 1943 gold pieces.
You spent 273 gold pieces at shops.

Inventory:

Hand Weapons
 a - a +7 dagger of venom (weapon)
 b - a +2 longbow of flaming
 q - a +2 flail of holy wrath
Missiles
 B - 46 stones (quivered)
 C - 150 arrows
Armour
 c - a +2 pair of boots (worn)
 n - a +2 buckler (worn)
 z - a scarf of resistance (worn)
 E - the +3 pair of gloves "Xeas" (worn) {rN+}
   (You acquired it on level 10 of the Dungeon)

   It protects you from negative energy.
 K - the +1 hat "Zigiyv" (worn) {MR+ rCorr}
   (You found it on level 4 of the Lair of Beasts)

   It affects your resistance to hostile enchantments.
   It provides partial protection from all sources of acid and corrosion.
 Q - a +4 troll leather armour (worn)
Jewellery
 e - an uncursed ring of wizardry
 l - the amulet of Tujael {Inacc rF+ Stlth+}
   (You found it on level 3 of the Lair of Beasts)

   [amulet of inaccuracy]

   It reduces the accuracy of all your attacks.
   It protects you from fire.
   It makes you more stealthy.
 r - a ring of protection from fire (left hand)
 u - a +5 ring of dexterity
 D - an uncursed ring of magical power
 F - an uncursed ring of protection from fire
 I - a +4 ring of protection (right hand)
 O - an uncursed ring of see invisible
 S - an uncursed ring of fire
 W - an uncursed ring of ice
Wands
 g - a wand of flame (8)
 h - a wand of acid (1)
 m - a wand of enslavement (3)
 o - a wand of polymorph (9)
 y - a wand of disintegration (10)
 N - a wand of paralysis (11)
 R - a wand of iceblast (6)
Scrolls
 f - 2 scrolls of magic mapping
 k - 3 scrolls of teleportation
 s - 2 scrolls of identify
 v - 3 scrolls of fog
 H - 7 scrolls of remove curse
 J - 5 scrolls of immolation
 P - 4 scrolls of amnesia
 V - a scroll of fear
Potions
 i - 2 potions of curing
 j - 2 potions of flight
 p - 2 potions of brilliance
 w - a potion of heal wounds
 x - 2 potions of agility
 A - a potion of might
 G - 3 potions of ambrosia
 L - 3 potions of resistance
 M - 2 potions of magic
 T - a potion of lignification
 Y - 2 potions of berserk rage
 Z - 3 potions of cancellation
Books
 t - a manual of Stealth
Comestibles
 d - 21 rations
 U - 19 chunks of flesh


   Skills:
 * Level 10.8 Fighting
 * Level 7.0 Short Blades
 + Level 2.0 Maces & Flails
 + Level 5.5 Bows
 + Level 0.5 Throwing
 + Level 4.5 Armour
 + Level 6.8 Dodging
 + Level 6.0 Stealth
 + Level 1.0 Shields
 + Level 12.7 Spellcasting
 * Level 7.1 Conjurations
 + Level 1.1 Transmutations
 * Level 8.7 Ice Magic
 + Level 12.8 Earth Magic
 + Level 1.1 Evocations


You had 12 spell levels left.
You knew the following spells:

 Your Spells              Type           Power        Failure   Level  Hunger
a - Sandblast             Erth           ######       1%          1    None
b - Passwall              Tmut/Erth      #####...     1%          2    None
c - Stone Arrow           Conj/Erth      ######       1%          3    None
d - Lee's Rapid Deconstr  Erth           ######....   1%          5    ####...
e - Freeze                Ice            ####         1%          1    None
f - Petrify               Tmut/Erth      #####...     10%         4    ##.....
g - Throw Frost           Conj/Ice       ######       1%          2    None
h - Magic Dart            Conj           ####         1%          1    None
i - Throw Icicle          Conj/Ice       ######..     1%          4    ##.....
j - Force Lance           Conj/Tloc      ####....     9%          4    ##.....

Your spell library contained the following spells:

 Spells                   Type           Power        Failure   Level  Hunger
 Bolt of Cold             Conj/Ice       ######....   21%         6    ######.
 Sting                    Conj/Pois      ####         1%          1    None
 Mephitic Cloud           Conj/Pois/Air  ####....     4%          3    None
 Ozocubu's Armour         Chrm/Ice       #####...     9%          3    None
 Inner Flame              Hex/Fire       ##......     12%         3    None
 Leda's Liquefaction      Hex/Erth       #####.....   12%         4    ##.....
 Corona                   Hex            ##.....      16%         1    None
 Summon Small Mammal      Summ           ##..         16%         1    None
 Call Imp                 Summ           ##......     22%         2    None
 Poisonous Vapours        Pois/Air       ##....       22%         2    None
 Slow                     Hex            ##......     22%         2    None
 Venom Bolt               Conj/Pois      ####......   22%         5    ####...
 Summon Ice Beast         Ice/Summ       #####...     26%         4    ##.....
 Olgreb's Toxic Radiance  Pois           ##......     32%         4    ##.....
 Call Canine Familiar     Summ           ##......     41%         3    None
 Portal Projectile        Hex/Tloc       ##....       41%         3    None
 Summon Guardian Golem    Hex/Summ       ##......     41%         3    None
 Cause Fear               Hex            ##........   78%         4    ##.....
 Summon Lightning Spire   Summ/Air       ##......     78%         4    ##.....


Dungeon Overview and Level Annotations

Branches:
Dungeon (11/15)            Temple (1/1) D:4            Lair (6/6) D:10
 Shoals (0/4) Lair:4        Snake (0/4) Lair:2        Slime (0/5) Lair:5
    Orc (2/2) D:10
    Elf: Orc:2

Altars:
Ashenzari
Cheibriados
Dithmenos
Elyvilon
Fedhas
Gozag
Hepliaklqana
Kikubaaqudgha
Makhleb
Nemelex Xobeh
Okawaru
Qazlal
Ru
Sif Muna
Trog
Uskayaw
Vehumet
Wu Jian
Xom
Yredelemnul
Zin
The Shining One

Shops:
D:4 !   D:9 *   Orc:1 !

Annotations:
Orc:2 Azrael


Innate Abilities, Weirdness & Mutations

You are resistant to torment.
Your stone body is resilient. (AC +11)
You are immune to poison.
Your large and strong wings let you fly indefinitely.
You resist negative energy. (rN+)
You are resistant to electric shocks. (rElec)
You can survive without breathing.
You are immune to petrification.
You are immune to rotting.
You have sharp toenails.
Your muscles are strong. (Str +2)
Your spells are a little harder to cast, but a little more powerful.


Message History

The orc knight hits you with a +3 war axe!
* * * LOW HITPOINT WARNING * * *
Casting: Stone Arrow (safe; 1% risk of failure)
Confirm with . or Enter, or press ? or * to list all spells.
Aiming: Stone Arrow (safe; 1% risk of failure)
Press: ? - help, Shift-Dir - straight line, f/p - orc knight
Aim: an orc knight, wielding a +3 war axe and wearing a +0 plate armour (heavily wounded, unusually strong, poisoned)
The stone arrow hits the orc knight!
The orc knight is severely wounded.
The orc knight hits you with a +3 war axe.
* * * LOW HITPOINT WARNING * * *
Some of the chunks of flesh in your inventory have rotted away.
You hit the orc knight but do no damage.
The orc knight looks even sicker.
The orc knight is severely wounded.
You hit the orc knight.
The orc knight looks as sick as possible!
The orc knight is severely wounded.
The orc knight hits you with a +3 war axe!!
You die...

###..##.#.##*#.##
##.........#*...#
.#..^#....###..##
..#.#......#....#
.#.#.........#***
#............# ######
#............####....#
.............+.##....#
.........#...#.o@..[.#
..........#..'.##....#
.......÷.....####....#
......><.)...# ######
.#.....)[....####*
#........[.......*
....#.........#.#*
....#....#.....##
#....#.##.....##


You could see an orc knight.

Vanquished Creatures
  Nessos (Lair:6)
  Snorg (D:10)
  Josephine (D:10)
  8 hydras
  Fannar (Orc:2)
  A two-headed ogre (D:10)
  2 catoblepae
  7 death yaks
  Urug (Orc:2)
  The ghost of Vojta the Magician, a novice GnEE of Cheibriados (D:9)
  An unseen horror (D:10)
  A necromancer (IceCv)
  Pikel (D:4)
  A harpy (D:9)
  4 orc knights
  3 oklob plants (Lair:3)
  A manticore (Lair:4)
  12 spiny frogs
  5 black mambas
  3 ice statues (IceCv)
  A centaur skeleton (D:10)
  A torpor snail (Lair:6)
  2 rime drakes
  6 komodo dragons
  11 ice devils
  5 trolls
  5 polar bears
  4 hornets
  5 hippogriffs
  2 slime creatures (Lair:4)
  Prince Ribbit (D:8)
  3 dream sheep (Lair:6)
  7 blink frogs
  Sigmund (D:3)
  11 spriggans (Lair:6)
  5 wraiths (D:10)
  40 yaks
  3 wyverns
  2 fire bats (Lair:4)
  2 fire elementals (Lair:4)
  Eustachio (D:4)
  Grum (D:8)
  A basilisk (Lair:1)
  2 hungry ghosts (D:8)
  Edmund (D:5)
  7 wargs
  5 nagas (Lair:2)
  14 water moccasins
  Menkaure (D:4)
  6 porcupines
  A sky beast (D:10)
  4 hell hounds
  6 ice beasts
  2 slaves (D:4)
  5 black bears
  16 orc warriors
  2 phantoms (D:6)
  9 ogres
  5 boggarts (Lair:6)
  31 wolves
  4 centaurs
  15 crocodiles
  4 big kobolds
  14 bullfrogs
  2 wyvern zombies
  4 gnoll sergeants
  3 scorpions
  A wyvern skeleton (D:6)
  3 killer bees (D:7)
  17 wights
  4 electric eels
  2 howler monkeys (D:8)
  2 draconian simulacra (IceCv)
  A centaur zombie (D:9)
  3 crimson imps
  4 jellies
  2 hounds
  2 quasits
  14 orc priests
  8 bullfrog skeletons
  8 orc wizards
  An iguana (D:5)
  3 troll simulacra (IceCv)
  12 worker ants
  A killer bee zombie (D:9)
  2 centaur simulacra (IceCv)
  A hound zombie (D:8)
  A killer bee simulacrum (D:9)
  A worker ant zombie (D:10)
  14 gnolls
  3 naga simulacra (IceCv)
  14 adders
  A hound simulacrum (D:9)
  6 shadow imps
  4 white imps
  3 oozes
  An adder zombie (D:9)
  2 adder skeletons
  2 worms
  2 dart slugs
  5 leopard geckos
  46 orcs
  6 bats
  3 giant cockroaches
  12 goblins
  5 hobgoblins
  8 jackals
  5 quokkas
  4 ball pythons
  2 frilled lizards
  4 kobolds
  A quokka simulacrum (D:9)
  A quokka zombie (D:5)
  8 rats
  A plant (Lair:3)
595 creatures vanquished.

Vanquished Creatures (others)
  A warg (Orc:2)
  2 orc wizards
  An adder simulacrum (D:9)
  2 orcs
  A bush (Lair:5)
  8 fungi
  6 plants
21 creatures vanquished.

Grand Total: 616 creatures vanquished

Notes
Turn   | Place    | Note
-------+----------+-------------------------------------------
     0 | D:1      | eccles the Gargoyle Earth Elementalist began the quest for
                  | the Orb.
     0 | D:1      | Reached XP level 1. HP: 10/10 MP: 3/3
   294 | D:1      | Reached XP level 2. HP: 15/16 MP: 5/5
   637 | D:1      | Reached skill level 1 in Fighting
   952 | D:2      | Reached XP level 3. HP: 20/20 MP: 6/6
  1421 | D:2      | Reached skill level 1 in Maces & Flails
  1421 | D:2      | Reached XP level 4. HP: 20/25 MP: 7/7
  2187 | D:3      | Reached XP level 5. HP: 23/29 MP: 5/8
  2194 | D:3      | Reached skill level 5 in Earth Magic
  2383 | D:3      | Found an opulent altar of Gozag.
  2556 | D:3      | Reached skill level 1 in Short Blades
  2649 | D:3      | Noticed Sigmund
  2663 | D:3      | Killed Sigmund
  2663 | D:3      | Reached XP level 6. HP: 28/35 MP: 4/11
  3039 | D:4      | Reached XP level 7. HP: 27/40 MP: 0/12
  3344 | D:4      | Reached skill level 1 in Armour
  3454 | D:4      | Learned a level 2 spell: Passwall
  3458 | D:4      | Learned a level 3 spell: Stone Arrow
  3464 | D:4      | Learned a level 5 spell: Lee's Rapid Deconstruction
  3588 | D:4      | Noticed Pikel
  3629 | D:4      | Killed Pikel
  3629 | D:4      | Reached skill level 5 in Spellcasting
  3629 | D:4      | Reached XP level 8. HP: 29/47 MP: 7/16
  3780 | D:4      | Found a staircase to the Ecumenical Temple.
  3792 | Temple   | Entered the Ecumenical Temple
  4078 | D:4      | Noticed Eustachio
  4091 | D:4      | Killed Eustachio
  4143 | D:4      | Noticed an angel
  4144 | D:4      | Found a shimmering altar of Xom.
  4145 | D:4      | Noticed Menkaure
  4149 | D:4      | Killed Menkaure
  4151 | D:4      | Found a glowing silver altar of Zin.
  4176 | D:4      | Found Yngaisya's Distillery.
  4184 | D:4      | Bought a potion of heal wounds for 65 gold pieces
  4184 | D:4      | Bought a potion of heal wounds for 65 gold pieces
  4332 | D:5      | Entered Level 5 of the Dungeon
  4370 | D:5      | Gained mutation: Your muscles are strong. (Str +2) [potion
                  | of mutation]
  4370 | D:5      | Gained mutation: Your spells are a little harder to cast,
                  | but a little more powerful. [potion of mutation]
  4370 | D:5      | Gained mutation: You have sharp toenails. [potion of
                  | mutation]
  4635 | D:5      | Noticed Edmund
  4652 | D:5      | Reached XP level 9. HP: 22/52 MP: 15/18
  4661 | D:5      | Killed Edmund
  5647 | D:6      | Reached skill level 5 in Fighting
  5675 | D:6      | Found a shattered altar of Ashenzari.
  5957 | D:7      | Learned a level 1 spell: Freeze
  5963 | D:7      | Learned a level 4 spell: Petrify
  6289 | D:7      | Noticed a troll
  6301 | D:7      | Killed a troll
  6301 | D:7      | Reached skill level 1 in Bows
  6301 | D:7      | Reached XP level 10. HP: 59/59 MP: 18/22
  6561 | D:8      | Reached skill level 10 in Earth Magic
  6632 | D:8      | Learned a level 2 spell: Throw Frost
  6885 | D:8      | Reached skill level 1 in Ice Magic
  7248 | D:8      | Noticed Grum
  7254 | D:8      | Killed Grum
  7780 | D:9      | Noticed Prince Ribbit
  7837 | D:8      | Killed Prince Ribbit
  8084 | D:9      | Found a transporter.
  8084 | D:9      | Found a transporter.
  8084 | D:9      | Noticed Vojta's ghost (novice GnEE)
  8627 | D:9      | Reached XP level 11. HP: 64/64 MP: 18/24
  8664 | D:9      | Noticed a harpy
  8832 | D:9      | Found a radiant altar of Vehumet.
  8832 | D:9      | Found an ornate altar of the Wu Jian Council.
  8844 | D:9      | Found a glowing golden altar of the Shining One.
  8848 | D:9      | Found a stormy altar of Qazlal.
  8850 | D:9      | Found a blossoming altar of Fedhas.
  8860 | D:9      | Became a worshipper of Vehumet
  8968 | D:9      | Found a sparkling altar of Nemelex Xobeh.
  9270 | D:9      | Reached skill level 10 in Spellcasting
  9599 | D:9      | Reached * piety under Vehumet
  9599 | D:9      | Offered knowledge of Shock by Vehumet.
  9787 | D:9      | Found Xepsogh's General Store.
  9829 | D:10     | Entered Level 10 of the Dungeon
  9829 | D:10     | Noticed a two-headed ogre
  9836 | D:10     | Killed a two-headed ogre
  9947 | D:10     | Found a staircase to the Lair.
 10237 | D:10     | Noticed Josephine
 10534 | D:10     | Killed Josephine
 11026 | D:10     | Reached ** piety under Vehumet
 11026 | D:10     | Offered knowledge of Magic Dart by Vehumet.
 11459 | D:10     | Found a staircase to the Orcish Mines.
 11462 | D:10     | Reached XP level 12. HP: 72/72 MP: 17/26
 11590 | D:10     | Identified a scroll of acquirement
 11591 | D:10     | Got a pair of translucent gloves
 11597 | D:10     | Identified the +3 pair of gloves "Xeas" {rN+} (You acquired
                  | it on level 10 of the Dungeon)
 11787 | D:10     | Reached skill level 5 in Ice Magic
 11838 | D:10     | Noticed Snorg
 11854 | D:10     | Killed Snorg
 12122 | D:10     | Learned a level 1 spell: Magic Dart
 12198 | D:11     | Noticed a two-headed ogre
 12329 | Lair:1   | Entered Level 1 of the Lair of Beasts
 12342 | Lair:1   | Reached skill level 1 in Conjurations
 12355 | Lair:1   | Offered knowledge of Throw Flame by Vehumet.
 12762 | Lair:1   | Reached *** piety under Vehumet
 13320 | Lair:1   | Offered knowledge of Olgreb's Toxic Radiance by Vehumet.
 14191 | Lair:2   | Noticed a four-headed hydra
 14208 | Lair:2   | Killed a four-headed hydra
 14375 | Lair:2   | Noticed a seven-headed hydra
 14393 | Lair:2   | HP: 2/112 [seven-headed hydra (8)]
 14393 | Lair:2   | Noticed a six-headed hydra
 14581 | Lair:2   | Killed a seven-headed hydra
 14742 | Lair:2   | Killed a six-headed hydra
 14742 | Lair:2   | Reached XP level 13. HP: 33/79 MP: 10/28
 14910 | Lair:2   | Reached skill level 5 in Dodging
 15028 | Lair:2   | Reached **** piety under Vehumet
 15071 | Lair:2   | Offered knowledge of Inner Flame by Vehumet.
 15102 | Lair:2   | Found a staircase to the Snake Pit.
 15330 | Lair:3   | Reached skill level 5 in Stealth
 16454 | Lair:3   | Learned a level 4 spell: Throw Icicle
 16761 | Lair:3   | Reached skill level 1 in Transmutations
 16772 | Lair:3   | Got a smoking lead amulet
 16848 | Lair:3   | Identified the amulet of Tujael {Inacc rF+ Stlth+} (You
                  | found it on level 3 of the Lair of Beasts)
 16866 | Lair:4   | Found a staircase to the Shoals.
 16930 | Lair:4   | Found a transporter.
 16958 | Lair:4   | Found a transporter.
 17652 | Lair:4   | Reached skill level 5 in Bows
 17709 | Lair:4   | Reached skill level 5 in Short Blades
 17756 | Lair:5   | Found a staircase to the Slime Pits.
 18429 | Lair:6   | Entered Level 6 of the Lair of Beasts
 18650 | Lair:5   | Gained mutation: Your large and strong wings let you fly
                  | indefinitely. [Gargoyle growth]
 18650 | Lair:5   | Reached XP level 14. HP: 23/87 MP: 17/30
 18872 | Lair:6   | Reached ***** piety under Vehumet
 18957 | Lair:6   | Offered knowledge of Force Lance by Vehumet.
 19181 | Lair:6   | Reached skill level 5 in Conjurations
 19646 | Lair:6   | Reached skill level 10 in Fighting
 19743 | Lair:6   | Learned a level 4 spell: Force Lance
 20927 | Lair:6   | Noticed Nessos
 20937 | Lair:6   | Killed Nessos
 21563 | Lair:4   | Got a twisted spear
 21565 | Lair:4   | Got a jewelled hat
 21586 | Lair:4   | Identified the +1 hat "Zigiyv" {MR+ rCorr} (You found it on
                  | level 4 of the Lair of Beasts)
 21963 | D:9      | Killed Vojta's ghost
 22188 | Orc:1    | Entered Level 1 of the Orcish Mines
 22188 | Orc:1    | Found Waenut's Distillery.
 22211 | Orc:1    | Found a frozen archway.
 22239 | Orc:1    | Reached skill level 1 in Evocations
 22266 | IceCv    | Entered an ice cave
 22706 | IceCv    | Offered knowledge of Bolt of Cold by Vehumet.
 22927 | IceCv    | Reached XP level 15. HP: 76/93 MP: 2/31
 22936 | IceCv    | Got a pair of pitted boots
 22939 | IceCv    | Got a transparent robe
 23033 | Orc:1    | Identified the cursed +0 pair of boots of New Discoveries
                  | {MR- rCorr Dex+7} (You found it in an ice cave)
 23043 | Orc:1    | Identified the +2 robe "Citok" {rPois rCorr} (You found it
                  | in an ice cave)
 23164 | Orc:1    | Bought 2 potions of curing for 78 gold pieces
 23164 | Orc:1    | Bought a potion of heal wounds for 65 gold pieces
 23175 | Orc:2    | Entered Level 2 of the Orcish Mines
 23182 | Orc:2    | Noticed Urug
 23260 | Orc:2    | Killed Urug
 23372 | Orc:1    | Noticed Fannar
 23391 | Orc:2    | Killed Fannar
 23479 | Orc:1    | Paralysed by an orc sorcerer for 7 turns
 23492 | Orc:2    | Noticed Azrael
 24227 | Orc:2    | Reached skill level 1 in Shields
 24682 | Orc:1    | Mangled by an orc knight

Skill      XL: |  1  2  3  4  5  6  7  8  9 10 11 12 13 14 15 |
---------------+----------------------------------------------+-----
Earth Magic    | 4 5 6 7 8 9 10 11 12 | 12.8
Fighting       | 1 2 3 4 5 6 7 8 9 10 | 10.8
Maces & Flails | 1 2 |  2.0
Stealth        | 3 4 5 6 |  6.0
Short Blades   | 1 2 3 5 6 7 |  7.0
Dodging        | 2 3 4 5 6 |  6.8
Spellcasting   | 3 5 6 8 9 10 11 12 | 12.7
Armour         | 1 2 3 4 |  4.5
Bows           | 1 2 3 4 5 |  5.5
Ice Magic      | 2 4 6 7 8 |  8.7
Conjurations   | 3 4 6 7 |  7.1
Transmutations | 1 |  1.1
Evocations     | 1 |  1.1
Shields        | 1 |  1.0
Throwing       | |  0.5

Action                   |  1- 3 |  4- 6 |  7- 9 | 10-12 | 13-15 || total
-------------------------+-------+-------+-------+-------+-------++-------
Melee: Mace              |    44 |       |       |       |       ||    44
       Dagger            |    59 |    79 |   154 |   666 |  1116 ||  2074
       Kick              |       |       |    32 |   180 |       ||   212
       Flail             |       |       |       |    21 |     7 ||    28
 Fire: Shortbow          |       |       |    10 |    99 |    85 ||   194
       Longbow           |       |       |       |       |     2 ||     2
Throw: Stone             |       |       |     1 |     3 |     6 ||    10
 Cast: Sandblast         |     4 |    42 |    99 |   206 |    47 ||   398
       Petrify           |       |       |       |     4 |     6 ||    10
       Lee's Rapid Decon |       |       |       |     1 |    14 ||    15
       Stone Arrow       |       |       |       |    42 |   370 ||   412
       Freeze            |       |       |       |     1 |       ||     1
       Magic Dart        |       |       |       |     8 |     2 ||    10
       Throw Frost       |       |       |       |     2 |       ||     2
       Passwall          |       |       |       |       |     1 ||     1
 Abil: Fly               |       |       |       |       |     1 ||     1
Evoke: Wand              |       |       |     4 |    17 |    11 ||    32
  Use: Scroll            |     6 |     5 |     6 |    16 |    14 ||    47
       Potion            |       |     1 |     2 |     7 |     4 ||    14
 Stab: Sleeping          |     4 |     2 |     3 |     1 |     1 ||    11
       Distracted        |       |     1 |       |       |       ||     1
       Petrified         |       |       |       |     5 |     6 ||    11
  Eat: Chunk             |     2 |     5 |     4 |    18 |    18 ||    47
       Ration            |       |       |     2 |     4 |     4 ||    10
Armor: Robe              |    33 |    31 |       |       |       ||    64
       Leather armour    |       |     6 |    89 |   184 |       ||   279
       Troll leather arm |       |       |       |   396 |   828 ||  1224
Dodge: Dodged            |    85 |    61 |   109 |   685 |   919 ||  1859
Block: Buckler           |       |       |       |       |    87 ||    87
